 Dungeon Crawl Stone Soup version 0.29.0-13-gc9e81de378 (webtiles) character file.

Game seed: 16570636291549885876

248574 sanka the Executioner (level 20, -1/198 (200) HPs)
             Began as a Hill Orc Berserker on Sept 7, 2022.
             Was a High Priest of Trog.
             Slain by a demonspawn corrupter
             ... wielding a +0 glaive
              (11 damage)
             ... in Pandemonium.
             The game lasted 01:27:38 (38353 turns).

sanka the Executioner (Hill Orc Berserker)         Turns: 38353, Time: 01:27:39

HP:   -1/198 (200)  AC: 47    Str: 27    XL:     20   Next: 37%
MP:   0/20          EV: 18    Int:  6    God:    Trog [*****.]
Gold: 829           SH:  0    Dex: 22    Spells: 19/19 levels left

rFire   + + .      SeeInvis +   a - +9 executioner's axe (vorpal)
rCold   + . .      Faith    .   (shield currently unavailable)
rNeg    + . .      Spirit   +   Q - +16 plate armour of Qazlal's Favour {rF+}
rPois   +          Reflect  .   (helmet restricted)
rElec   +          Harm     .   k - +2 cloak of the Thief {*Fog Slay-2 SInv Stlth+}
rCorr   .          Rampage  .   Z - +2 pair of gloves {Dex+3}
Will    +++..                   y - +2 pair of boots
Stlth   ..........              L - amulet of guardian spirit
HPRegen 1.43/turn               u - ring of Recklessness {rElec rPois rF+ rN+ Int+4}
MPRegen 0.17/turn               O - ring "Foidy" {rPois rC+ Int-5 Dex+7 Slay+3}

@: strong-willed, regenerating, lightly drained
A: antennae 1
a: Renounce Religion, Berserk, Trog's Hand, Brothers in Arms


You were in Pandemonium.
You worshipped Trog.
Trog was extremely pleased with you.
You visited 3 branches of the dungeon, and saw 20 of its levels.
You visited Pandemonium 1 time, and saw 1 of its levels.
You visited the Abyss 2 times.
You also visited: Bailey and Ice Cave.

You collected 1874 gold pieces.
You spent 1045 gold pieces at shops.


Innate Abilities, Weirdness & Mutations

You have a pair of small antennae on your head.


   Skills:
 + Level 21.8 Fighting
 - Level 24.0 Axes
 + Level 21.6 Armour
 + Level 15.5 Dodging


You had 19 spell levels left.
You didn't know any spells.
Your spell library was empty.

Inventory:

Hand Weapons
 a - a +9 vorpal executioner's axe (weapon)
 b - a +0 executioner's axe of flaming
 w - a +5 antimagic battleaxe
 X - a +2 trident of distortion
Missiles
 i - 2 throwing nets {=f}
 N - 6 silver javelins (quivered)
Armour
 e - a scarf of resistance
 k - the +2 cloak of the Thief (worn) {*Fog Slay-2 SInv Stlth+}

   It may release a thick cloud of smoke when the wearer is hurt.
   Slay:      It affects your accuracy & damage with ranged weapons and melee
   (-2).
   SInv:      It lets you see invisible.
   Stlth:     It makes you more stealthy.
 y - a +2 pair of boots (worn)
 Q - the +16 plate armour of Qazlal's Favour (worn) {rF+} rF: It protects you from fire.
 Z - a +2 pair of gloves of dexterity (worn)
Jewellery
 o - a ring of protection from cold
 q - a ring of positive energy
 u - the ring of Recklessness (left hand) {rElec rPois rF+ rN+ Int+4}

   [ring of positive energy]

   Int:       It affects your intelligence (+4).
   rF:        It protects you from fire.
   rElec:     It insulates you from electricity.
   rPois:     It protects you from poison.
   rN:        It protects you from negative energy.
 H - a ring of flight
 L - an amulet of guardian spirit (around neck)
 M - a +6 ring of strength
 O - the ring "Foidy" (right hand) {rPois rC+ Int-5 Dex+7 Slay+3}

   [ring of protection from cold]

   Int:       It affects your intelligence (-5).
   Dex:       It affects your dexterity (+7).
   Slay:      It affects your accuracy & damage with ranged weapons and melee
   (+3).
   rC:        It protects you from cold.
   rPois:     It protects you from poison.
 P - a ring of willpower
 S - an amulet of regeneration
 Y - the ring of the Death Scarab {Wiz rF++}

   [ring of wizardry]

   It improves your spell success rate.
   rF:        It greatly protects you from fire.
Wands
 r - a wand of quicksilver (4)
 t - a wand of roots (43)
 F - a wand of paralysis (9)
Scrolls
 d - 4 scrolls of torment {!r}
 f - 4 scrolls of fear
 g - 2 scrolls of enchant weapon
 h - 6 scrolls of teleportation {@r4}
 p - 6 scrolls of magic mapping
 s - 3 scrolls of noise {!r}
 x - 2 scrolls of immolation {!r}
 B - 4 scrolls of fog
 D - 2 scrolls of vulnerability {!r}
 E - 4 scrolls of poison
 J - a scroll of summoning
 K - 2 scrolls of blinking
 U - a scroll of enchant armour
 W - 2 scrolls of brand weapon
Potions
 c - 14 potions of curing {@q1}
 j - 2 potions of berserk rage {!q}
 l - a potion of resistance
 m - 6 potions of attraction {!q}
 v - 4 potions of flight
 z - 4 potions of heal wounds {@q2}
 A - 3 potions of might
 C - 3 potions of cancellation
 G - 3 potions of lignification {!q}
 I - 4 potions of invisibility
 R - 4 potions of mutation {!q}
 V - 3 potions of haste {@q3}
Miscellaneous
 T - a condenser vane

Dungeon Overview and Level Annotations

Branches:
Dungeon (15/15)            Temple (0/1) D:7            Lair (0/5) D:9
    Orc (0/2) D:11         Vaults (0/5) D:14         Depths (4/4) D:15
   Hell (visited)             Dis (0/7) Hell            Geh (0/7) Hell
    Coc (0/7) Hell            Tar (0/7) Hell            Zot (0/5) Depths:4
 Bailey (visited)           IceCv (visited)

Altars:
Cheibriados
Elyvilon
Nemelex Xobeh
Okawaru
Ru
Trog
Wu Jian
The Shining One

Shops:
D:14 *

Portals:
Hell: Depths:1 Depths:2 Depths:3 Depths:4
Abyss: Depths:3
Pandemonium: Depths:2 Depths:3
Ziggurat: Depths:4

Annotations:
D:9 exclusion: downstairs
D:11 exclusion: downstairs
D:14 exclusion: orange crystal statue
Depths:4 2 runed translucent doors

......▒ ▒▒▒▒▒▒
........▒.....▒▒
...............▒▒
................▒
................▒
................▒
................▒
......6He.......▒
▒.....zo[.|.....▒
▒▒....e...)....▒▒
▒......▒....?▒▒
▒▒...£.▒▒▒▒▒▒▒
▒.▒..▒▒ ▒.▒.. ▒
▒.. ...


You could see a demonspawn corrupter, a sphinx (summoned, empowered), an ancient
champion (summoned, fast, empowered) and 2 deep elf high priests.


Message History

You slash the demonspawn corrupter!
The demonspawn corrupter is moderately wounded.
You hit the sphinx. You slash the deep elf high priest!
You hit the ancient champion but do no damage.
The ancient champion casts a spell at you.
The iron shot hits you!!
* * * LOW HITPOINT WARNING * * *
The demonspawn corrupter hits you with a +0 glaive!
* * * LOW HITPOINT WARNING * * *
The demonspawn corrupter misses you.
Unknown command.
Unknown command.
Unknown command.
Unknown command.
Your magical effects are unravelling.
You feel magically purged.
You are no longer corroded.
The sphinx casts a spell.
Something smites you!
* * * LOW HITPOINT WARNING * * *
The ancient champion completely misses you.
The deep elf high priest starts to sing a prayer.
The deep elf high priest calls down the wrath of its god upon you.
Something smites you!
* * * LOW HITPOINT WARNING * * *
The demonspawn corrupter hits you with a +0 glaive.
* * * LOW HITPOINT WARNING * * *
The demonspawn corrupter kicks you!
You die...

Action                   |  1- 3 |  4- 6 |  7- 9 | 10-12 | 13-15 | 16-18 | 19-21 || total
-------------------------+-------+-------+-------+-------+-------+-------+-------++-------
Melee: Hand axe          |    74 |   190 |   455 |       |       |       |       ||   719
       Punch             |       |     3 |     9 |       |       |       |       ||    12
       War axe           |       |       |    59 |   164 |       |       |       ||   223
       Executioner's axe |       |       |       |   322 |   626 |   765 |   591 ||  2304
       Broad axe         |       |       |       |    12 |       |       |       ||    12
       Battleaxe         |       |       |       |     8 |       |     6 |       ||    14
Invok: Berserk           |     1 |     1 |     7 |     7 |     6 |     3 |     2 ||    27
       Trog's Hand       |       |       |     1 |     1 |     2 |     5 |     5 ||    14
       Brothers in Arms  |       |       |       |       |     2 |     1 |       ||     3
  Use: Scroll            |       |       |       |    11 |    16 |     8 |       ||    35
       Potion            |       |       |       |     4 |     1 |     3 |     2 ||    10
 Stab: Distracted        |       |       |       |     1 |       |       |     1 ||     2
Armor: Animal skin       |    12 |       |       |       |       |       |       ||    12
       Chain mail        |    20 |   103 |   272 |   206 |       |       |       ||   601
       Plate armour      |       |       |       |    16 |   496 |   577 |   406 ||  1495
Dodge: Dodged            |    42 |    68 |   148 |   139 |   254 |   462 |   458 ||  1571

Levels and vault maps discovered:
D:1:      amcnicky_arrival_choice, layout_loops_cross, basic_ecumenical_altar,
          minmay_unequal
D:2:      layout_loops_cross, basic_altar
D:3:      layout_basic, nicolae_ru_the_path_less_chosen, bloody_trog
D:4:      layout_layer_cave, mainiacjoe_overflow_boulevard,
          ebering_ghost_disaster_area, st_stairs_6, uniq_menkaure, uniq_natasha,
          uniq_pikel, uniq_robin
D:5:      layout_basic, moated_statue
D:6:      layout_cave_pools
D:7:      layout_gridville, kennysheep_okawaru_gauntlet, lemuel_doored_altar,
          temple_green, uniq_duvessa
D:8:      minmay_the_grid_triangle_9x9_rhombus_thin
          [minmay_the_grid_triangle_9x9_dagger,
          minmay_the_grid_triangle_9x9_prize_top_heavy,
          minmay_the_grid_triangle_9x9_sparse_checkered,
          minmay_the_grid_triangle_9x9_stretched_checkered], layout_rooms,
          enter_bailey_5
D:9:      layout_basic, nemelex_spade_bored_becter, david_lair_shrubbed,
          minmay_guarded_unrand_finisher, uniq_maggie
D:10:     layout_layer_cave, slow_altar_2, uniq_psyche, uniq_amaemon, uniq_urug
D:11:     layout_rooms, orc_0_dummy, portal_ice_cave_demonic_guard
D:12:     gammafunk_mikee_crab_dinner, layout_irregular_city, tso_altar
D:13:     layout_stronghold, uniq_josephine
D:14:     layout_rooms, ximxim_vaults_locker_room, serial_shops,
          nicolae_lakefront_shop, minmay_protected_statue
D:15:     hangedman_depths_entry_civil_slaughter, layout_long_grid,
          grunt_decor_arrowhead
Depths:1: layout_cave_pools, chequers_serial_rivers_micro_c, serial_shops, shop,
          pf_vacation_house_of_asmodeus, kennysheep_kite_vault,
          serial_bayou_shore_b
Depths:2: minmay_nine_rooms, layout_gridlike, rand_demon_pan_entry_5,
          nicolae_wu_jian_wuxing_cycle, hell_entry,
          chequers_serial_rivers_room_b, uniq_nikola
Depths:3: cheibrodos_birdhouse, layout_cave_pools,
          abyss_entry_small_statue_room, pan_entry,
          nicolae_elevator_lobby_asterisk, hell_entry, serial_bayou_shore_b,
          uniq_grunn
Depths:4: evilmike_zot_entry_castle, layout_cave_shapes, enter_ziggurat_c,
          patterned_corridor, pf_hell_entry_tar_spiral, serial_rivers,
          chequers_serial_rivers_marsh, chequers_serial_rivers_micro_b,
          chequers_serial_rivers_micro_d, chequers_serial_rivers_room_a,
          chequers_serial_rivers_marsh, serial_sigils_hangedman_gnaw
Hell
Pan:      nicolae_pan_double_arrow, layout_rooms

Notes
Turn   | Place    | Note
-------+----------+-------------------------------------------
     0 | D:1      | sanka the Hill Orc Berserker began the quest for the Orb.
     0 | D:1      | Reached XP level 1. HP: 19/19 MP: 1/1
   173 | D:1      | Reached XP level 2. HP: 26/26 MP: 2/2
   184 | D:1      | Reached skill level 5 in Axes
   702 | D:1      | Found a faded altar of an unknown god.
   758 | D:1      | Reached XP level 3. HP: 29/31 MP: 3/3
  1211 | D:2      | Reached skill level 6 in Axes
  1211 | D:2      | Reached XP level 4. HP: 40/40 MP: 4/4
  1254 | D:2      | Reached skill level 4 in Fighting
  1326 | D:2      | Reached ** piety under Trog
  1614 | D:2      | Reached XP level 5. HP: 46/46 MP: 5/5
  1811 | D:2      | Found a snail-covered altar of Cheibriados.
  1962 | D:3      | Found a bloodstained altar of Trog.
  2081 | D:3      | Reached skill level 3 in Armour
  2095 | D:3      | Reached skill level 7 in Axes
  2523 | D:3      | Reached XP level 6. HP: 43/53 MP: 6/6
  2909 | D:3      | Found a sacrificial altar of Ru.
  2969 | D:3      | Reached skill level 5 in Fighting
  3418 | D:4      | Reached skill level 8 in Axes
  3418 | D:4      | Reached skill level 4 in Armour
  3418 | D:4      | Reached XP level 7. HP: 40/61 MP: 7/7
  3604 | D:4      | Noticed Menkaure
  3614 | D:4      | Killed Menkaure
  3877 | D:4      | Noticed Robin
  3907 | D:4      | Noticed Natasha
  3911 | D:4      | Killed Robin
  3929 | D:4      | Killed Natasha
  3929 | D:4      | Reached *** piety under Trog
  3930 | D:4      | Reached skill level 9 in Axes
  4192 | D:4      | Noticed Natasha
  4206 | D:4      | Killed Natasha
  4207 | D:4      | Reached skill level 6 in Fighting
  4291 | D:4      | Identified the ring of Recklessness {rElec rPois rF+ rN+
                  | Int+4}
  4306 | D:4      | Noticed Natasha
  4318 | D:4      | Killed Natasha
  4319 | D:4      | Reached XP level 8. HP: 70/70 MP: 8/8
  4417 | D:4      | Noticed Pikel
  4432 | D:4      | Killed Pikel
  4433 | D:4      | Reached skill level 10 in Axes
  4433 | D:4      | Reached skill level 5 in Armour
  4662 | D:4      | Found a white marble altar of Elyvilon.
  5079 | D:4      | Found a large runed translucent door.
  5079 | D:4      | Found a large runed translucent door.
  5085 | D:4      | Noticed diceflayer's ghost (novice DsFi)
  5283 | D:5      | Entered Level 5 of the Dungeon
  5545 | D:5      | Reached skill level 7 in Fighting
  5545 | D:5      | Reached skill level 11 in Axes
  5776 | D:5      | Reached skill level 6 in Armour
  6286 | D:5      | Reached XP level 9. HP: 56/79 MP: 9/9
  6470 | D:6      | HP: 10/118 [orc warrior/+0 glaive of protection (13)]
  7313 | D:6      | Reached skill level 12 in Axes
  7795 | D:7      | Reached skill level 8 in Fighting
  7840 | D:7      | Reached **** piety under Trog
  7937 | D:7      | Found a staircase to the Ecumenical Temple.
  7959 | D:7      | Noticed Dowan
  8162 | D:7      | Noticed a hornet
  8174 | D:7      | Killed a hornet
  8175 | D:7      | Reached skill level 7 in Armour
  8549 | D:7      | Noticed Duvessa
  8559 | D:7      | Killed Duvessa
  8572 | D:7      | Killed Dowan
  8573 | D:7      | Reached skill level 13 in Axes
  8954 | D:7      | Found an ornate altar of the Wu Jian Council.
  9259 | D:7      | Found an iron altar of Okawaru.
  9476 | D:8      | Found a flagged portal.
  9512 | D:8      | Reached XP level 10. HP: 73/90 MP: 10/10
  9556 | Bailey   | Entered a bailey
  9644 | Bailey   | Noticed an orc high priest
  9647 | Bailey   | Found the +2 cloak of the Thief {*Fog Slay-2 SInv Stlth+}
  9945 | Bailey   | Reached skill level 9 in Fighting
 10326 | Bailey   | Gained mutation: Your magical capacity is low. (-10% MP) [a
                  | neqoxec]
 10327 | Bailey   | Gained mutation: You are frail. (-10% HP) [a neqoxec]
 10344 | Bailey   | Gained mutation: You sometimes lose your temper in combat.
                  | [a neqoxec]
 10416 | Bailey   | Noticed a kobold demonologist
 10422 | Bailey   | Reached skill level 14 in Axes
 10434 | Bailey   | Killed a kobold demonologist
 10624 | Bailey   | Killed an orc high priest
 10625 | Bailey   | Reached skill level 15 in Axes
 11054 | Bailey   | Found an iron altar of Okawaru.
 11223 | Bailey   | Reached skill level 16 in Axes
 11459 | Bailey   | Noticed an orc knight
 11499 | Bailey   | Killed an orc knight
 11727 | Bailey   | Found an iron altar of Okawaru.
 11880 | Bailey   | Acquired a +0 executioner's axe of flaming
 11954 | D:8      | Lost mutation: Your magical capacity is low. (-10% MP)
                  | [potion of mutation]
 11954 | D:8      | Lost mutation: You sometimes lose your temper in combat.
                  | [potion of mutation]
 11954 | D:8      | Gained mutation: Your spells are a little easier to cast,
                  | but a little less powerful. [potion of mutation]
 11954 | D:8      | Gained mutation: You sometimes lose your temper in combat.
                  | [potion of mutation]
 11954 | D:8      | Gained mutation: You are partially covered in iridescent
                  | scales. (AC +2) [potion of mutation]
 11955 | D:8      | Lost mutation: You are partially covered in iridescent
                  | scales. (AC +2) [potion of mutation]
 11955 | D:8      | Lost mutation: You are frail. (-10% HP) [potion of
                  | mutation]
 11955 | D:8      | Lost mutation: You sometimes lose your temper in combat.
                  | [potion of mutation]
 11955 | D:8      | Gained mutation: You have a pair of small horns on your
                  | head. [potion of mutation]
 11955 | D:8      | Gained mutation: You are dopey. (Int -2) [potion of
                  | mutation]
 11956 | D:8      | Lost mutation: You have a pair of small horns on your head.
                  | [potion of mutation]
 11956 | D:8      | Lost mutation: You are dopey. (Int -2) [potion of mutation]
 11956 | D:8      | Lost mutation: Your spells are a little easier to cast, but
                  | a little less powerful. [potion of mutation]
 11956 | D:8      | Gained mutation: You are dopey. (Int -2) [potion of
                  | mutation]
 11956 | D:8      | Gained mutation: You are clumsy. (Dex -2) [potion of
                  | mutation]
 11956 | D:8      | Gained mutation: You occasionally lose the ability to read
                  | scrolls when taking damage. [potion of mutation]
 12089 | D:8      | Reached skill level 17 in Axes
 12095 | D:8      | Reached XP level 11. HP: 88/97 MP: 11/11
 12144 | D:8      | Noticed a two-headed ogre
 12152 | D:8      | Killed a two-headed ogre
 12159 | D:8      | Reached ***** piety under Trog
 12170 | D:8      | Received a gift from Trog
 12454 | D:8      | Reached skill level 18 in Axes
 12707 | D:8      | Noticed a cyclops
 12710 | D:8      | Killed a cyclops
 13125 | D:8      | Identified the ring "Foidy" {rPois rC+ Int-5 Dex+7 Slay+3}
 13136 | D:8      | Reached skill level 19 in Axes
 13136 | D:8      | Noticed a four-headed hydra
 13144 | D:8      | Killed a one-headed hydra
 13908 | D:9      | Found a staircase to the Lair.
 14046 | D:9      | Identified +0 acid dragon scales
 14046 | D:9      | Noticed Maggie
 14055 | D:9      | Killed Maggie
 14241 | D:9      | Found a sparkling altar of Nemelex Xobeh.
 14269 | D:9      | Reached skill level 20 in Axes
 14450 | D:9      | Noticed a two-headed ogre
 14451 | D:9      | Noticed a skeletal warrior
 14454 | D:9      | Killed a two-headed ogre
 14455 | D:9      | Reached XP level 12. HP: 67/104 MP: 12/12
 14781 | D:9      | Reached skill level 21 in Axes
 14929 | D:9      | Found the +5 scythe "Finisher" {speed, eviscerate}
 15094 | D:10     | Entered Level 10 of the Dungeon
 15187 | D:10     | Noticed an eight-headed hydra
 15190 | D:10     | Noticed Psyche
 15195 | D:10     | Killed a five-headed hydra
 15310 | D:11     | Identified +0 acid dragon scales
 15331 | D:11     | Found a staircase to the Orcish Mines.
 15351 | D:11     | Found a frozen archway.
 15367 | IceCv    | Entered an ice cave
 15660 | IceCv    | Reached skill level 22 in Axes
 15892 | IceCv    | Identified a scarf of resistance
 16169 | IceCv    | Noticed a reaper
 16176 | IceCv    | Killed a reaper
 16712 | D:11     | Reached skill level 23 in Axes
 16837 | D:10     | Killed Psyche
 16880 | D:10     | Noticed Urug
 16904 | D:10     | Killed Urug
 16994 | D:10     | Identified the +16 plate armour of Qazlal's Favour {rF+}
 17040 | D:10     | Noticed Amaemon
 17060 | D:10     | Killed Amaemon
 17379 | D:10     | Noticed a two-headed ogre
 17386 | D:10     | Killed a two-headed ogre
 17387 | D:10     | Reached XP level 13. HP: 111/111 MP: 13/13
 17735 | D:10     | Found a snail-covered altar of Cheibriados.
 18186 | D:11     | Reached skill level 24 in Axes
 18334 | D:14     | Reached skill level 8 in Armour
 18414 | D:11     | Lost mutation: You are clumsy. (Dex -2) [potion of
                  | mutation]
 18414 | D:11     | Lost mutation: You occasionally lose the ability to read
                  | scrolls when taking damage. [potion of mutation]
 18414 | D:11     | Lost mutation: You are dopey. (Int -2) [potion of mutation]
 18414 | D:11     | Gained mutation: You have a pair of small antennae on your
                  | head. [potion of mutation]
 18797 | D:12     | Found a glowing golden altar of the Shining One.
 18801 | D:12     | Reached skill level 9 in Armour
 18845 | D:12     | Reached skill level 10 in Fighting
 19233 | D:12     | Found a runed translucent door.
 19517 | D:12     | Reached skill level 10 in Armour
 19539 | D:12     | Noticed an entropy weaver
 19558 | D:12     | Killed an entropy weaver
 19694 | D:12     | Reached skill level 11 in Armour
 19731 | D:12     | Reached skill level 11 in Fighting
 19748 | D:12     | Noticed an entropy weaver
 19756 | D:12     | Killed an entropy weaver
 19948 | D:13     | Reached skill level 12 in Armour
 20212 | D:13     | Noticed Josephine
 20222 | D:13     | Killed Josephine
 20233 | D:13     | Reached skill level 12 in Fighting
 20270 | D:13     | Reached skill level 13 in Armour
 20751 | D:14     | Noticed a vault guard
 20751 | D:14     | Noticed a vault guard
 20754 | D:14     | Noticed a vault guard
 20760 | D:13     | Received a gift from Trog
 20762 | D:13     | Killed a vault guard
 20763 | D:13     | Reached XP level 14. HP: 123/127 MP: 14/14
 20808 | D:13     | Reached skill level 14 in Armour
 20845 | D:14     | Found a gate to the Vaults.
 20896 | D:14     | Reached skill level 13 in Fighting
 21065 | D:14     | Reached skill level 15 in Armour
 21281 | D:14     | Reached skill level 14 in Fighting
 21343 | D:14     | Reached skill level 2 in Dodging
 21516 | D:14     | Found Iqosysul's Assorted Antiques.
 21525 | D:14     | Bought a scroll of teleportation for 102 gold pieces
 21525 | D:14     | Bought a scroll of teleportation for 102 gold pieces
 21525 | D:14     | Bought a scroll of identify for 68 gold pieces
 21525 | D:14     | Bought a scroll of identify for 68 gold pieces
 21783 | D:15     | Entered Level 15 of the Dungeon
 21839 | D:15     | Reached skill level 3 in Dodging
 21854 | D:15     | Reached skill level 15 in Fighting
 21865 | D:15     | Reached skill level 4 in Dodging
 21988 | D:15     | Reached skill level 5 in Dodging
 22144 | D:15     | Found a staircase to the Depths.
 22169 | D:15     | Reached skill level 6 in Dodging
 22225 | D:15     | Reached XP level 15. HP: 121/141 MP: 15/15
 22255 | D:15     | Received a gift from Trog
 22730 | D:15     | Reached skill level 7 in Dodging
 23088 | D:4      | Killed diceflayer's ghost
 23352 | Depths:1 | Entered Level 1 of the Depths
 23352 | Depths:1 | Noticed a frost giant
 23363 | D:15     | Killed a frost giant
 23364 | D:15     | Reached skill level 16 in Armour
 23562 | Depths:1 | Noticed a caustic shrike
 23563 | Depths:1 | Noticed a caustic shrike
 23564 | Depths:1 | Noticed a caustic shrike
 23572 | Depths:1 | Killed a caustic shrike
 23573 | Depths:1 | Reached skill level 8 in Dodging
 23577 | Depths:1 | Killed a caustic shrike
 23580 | Depths:1 | Killed a caustic shrike
 23683 | D:15     | Reached skill level 9 in Dodging
 23914 | D:15     | Reached skill level 10 in Dodging
 24098 | Depths:1 | Found a gateway to Hell.
 24294 | Depths:1 | Reached XP level 16. HP: 149/149 MP: 16/16
 24435 | Depths:1 | Found Axufifro's Distillery.
 24443 | Depths:1 | Bought a potion of haste for 150 gold pieces
 24443 | Depths:1 | Bought 2 potions of heal wounds for 150 gold pieces
 24443 | Depths:1 | Bought a potion of heal wounds for 75 gold pieces
 24443 | Depths:1 | Bought a potion of might for 60 gold pieces
 24486 | Depths:1 | Received a gift from Trog
 24774 | Depths:1 | Reached skill level 16 in Fighting
 24916 | Depths:1 | Noticed a tengu reaver
 24927 | Depths:1 | Killed a tengu reaver
 24928 | Depths:1 | Reached skill level 11 in Dodging
 25155 | Depths:2 | Reached skill level 17 in Armour
 25357 | Depths:2 | Noticed a golden dragon
 25371 | Abyss:3  | Cast into level 3 of the Abyss (rakshasa)
 25464 | Abyss:3  | Received a gift from Trog
 25493 | Abyss:3  | Noticed a tentacled monstrosity
 25495 | Depths:2 | Escaped the Abyss
 25504 | Depths:2 | Killed a golden dragon
 25508 | Depths:2 | Identified the +11 dagger "Beastslayer" {flame, Will+ Str+2
                  | SInv}
 25819 | Depths:2 | Reached skill level 17 in Fighting
 25838 | Depths:2 | Reached XP level 17. HP: 152/161 MP: 17/17
 25888 | Depths:2 | Noticed a lich
 25903 | Depths:2 | Killed a lich
 25960 | Depths:2 | Paralysed by a floating eye for 2 turns
 26022 | Depths:2 | Reached skill level 12 in Dodging
 26039 | Depths:2 | Identified the ring of the Death Scarab {Wiz rF++}
 26206 | Depths:2 | Found an ornate altar of the Wu Jian Council.
 26240 | Depths:2 | Reached skill level 18 in Armour
 26247 | Depths:2 | Noticed Nikola
 26279 | Depths:2 | Killed Nikola
 26555 | Depths:2 | Identified +0 ice dragon scales
 26653 | Depths:2 | Found a one-way gate leading to the halls of Pandemonium.
 27373 | Depths:3 | Reached skill level 18 in Fighting
 27507 | Depths:3 | Received a gift from Trog
 27958 | Depths:3 | Reached XP level 18. HP: 123/173 MP: 12/18
 28247 | Depths:3 | Reached skill level 13 in Dodging
 28287 | Depths:3 | Noticed a doom hound
 28289 | Depths:3 | Noticed Grunn
 28289 | Depths:3 | Noticed a doom hound
 28294 | Depths:3 | Noticed a doom hound
 28298 | Depths:3 | Killed a doom hound
 28298 | Depths:3 | Killed a doom hound
 28299 | Depths:3 | Reached skill level 19 in Armour
 28300 | Depths:3 | Noticed a Tzitzimitl
 29137 | Depths:2 | Killed a Tzitzimitl
 29353 | Depths:3 | Reached skill level 19 in Fighting
 29373 | Depths:3 | Noticed a quicksilver dragon
 29374 | Depths:3 | Received a gift from Trog
 29385 | Depths:3 | Killed a quicksilver dragon
 29385 | Depths:3 | Identified quicksilver dragon scales
 29392 | Depths:3 | Noticed a bone dragon
 29725 | Depths:2 | Killed a bone dragon
 29867 | Depths:3 | Identified a potion of resistance
 29947 | Depths:2 | Killed Grunn
 30011 | Depths:3 | Killed a doom hound
 30202 | Depths:3 | Found a one-way gate to the infinite horrors of the Abyss.
 30464 | Depths:3 | Found a one-way gate to the infinite horrors of the Abyss.
 30862 | Depths:4 | Entered Level 4 of the Depths
 31597 | Depths:4 | Noticed a caustic shrike
 31600 | Depths:4 | Noticed a caustic shrike
 31601 | Depths:4 | Noticed a caustic shrike
 31601 | Depths:4 | Noticed a caustic shrike
 31602 | Depths:4 | Noticed a caustic shrike
 31607 | Depths:3 | Killed a caustic shrike
 31764 | Depths:4 | Killed a caustic shrike
 31765 | Depths:4 | Reached skill level 20 in Armour
 32113 | Depths:3 | Killed a caustic shrike
 32114 | Depths:3 | Reached skill level 20 in Fighting
 32114 | Depths:3 | Reached skill level 14 in Dodging
 32350 | Depths:4 | Killed a caustic shrike
 32358 | Depths:4 | Reached XP level 19. HP: 172/185 MP: 19/19
 32536 | Depths:4 | Found a one-way gateway to a ziggurat.
 32984 | Depths:4 | Noticed a golden dragon
 33004 | Depths:4 | Killed a caustic shrike
 33434 | Depths:4 | Identified +0 storm dragon scales
 33518 | Depths:4 | Identified +0 storm dragon scales
 33839 | Depths:4 | Killed a golden dragon
 33855 | Depths:4 | Identified +0 storm dragon scales
 34036 | Depths:4 | Received a gift from Trog
 34049 | Depths:4 | Found a runed translucent door.
 34059 | Depths:4 | Found a runed translucent door.
 34094 | Depths:4 | Found a runed translucent door.
 34100 | Depths:4 | Found a runed translucent door.
 34105 | Depths:4 | Found a runed translucent door.
 34298 | Depths:4 | Found a runed translucent door.
 34355 | Depths:4 | Found a gate to the Realm of Zot.
 34786 | Hell     | Entered the Vestibule of Hell
 34786 | Hell     | Noticed Geryon
 35606 | Hell     | Reached skill level 21 in Fighting
 35907 | Depths:4 | Reached skill level 21 in Armour
 36125 | Hell     | Received a gift from Trog
 36661 | Hell     | Killed Geryon
 36662 | Hell     | Reached skill level 15 in Dodging
 37026 | Hell     | Found a gateway to the Iron City of Dis.
 37131 | Hell     | Found a gateway to the ashen valley of Gehenna.
 37138 | Hell     | Reached XP level 20. HP: 192/198 MP: 18/20
 37186 | Hell     | Found a gateway to the decaying netherworld of Tartarus.
 37391 | Hell     | Found a gateway to the freezing wastes of Cocytus.
 37705 | Depths:1 | Bought a potion of curing for 45 gold pieces
 37705 | Depths:1 | Bought 2 potions of curing for 90 gold pieces
 37705 | Depths:1 | Bought a potion of invisibility for 120 gold pieces
 37705 | Depths:1 | Bought a potion of degeneration for 15 gold pieces
 37781 | Pan      | Entered Pandemonium
 37814 | Abyss:3  | Cast into level 3 of the Abyss (a deep elf sorcerer)
 38332 | Pan      | Escaped the Abyss
 38353 | Pan      | HP: 13/198 [deep elf high priest/divine providence[a
                  | demonspawn corrupter] (13)]
 38353 | Pan      | Slain by a demonspawn corrupter

Vanquished Creatures
  7 caustic shrikes
  Nikola (Depths:2)
  Geryon (Hell)
  2 golden dragons
  A bone dragon (Depths:2)
  A Tzitzimitl (Depths:2)
  3 doom hounds (Depths:3)
  A tentacled monstrosity (Abyss:3)
  Grunn (Depths:2)
  A quicksilver dragon (Depths:3)
  A lich (Depths:2)
  A tentacled starspawn (Abyss:3)
  4 tengu reavers
  5 fire giants
  3 storm dragons (Depths:4)
  5 shadow dragons
  5 frost giants
  A draconian knight (Depths:4)
  A cacodemon (Pan)
  A draconian scorcher (Depths:4)
  A balrug (Hell)
  A demonspawn blood saint (Pan)
  A war gargoyle (Depths:4)
  A draconian annihilator (Depths:4)
  A spriggan defender (Depths:3)
  14 stone giants
  A demonspawn corrupter (Pan)
  19 very ugly things
  8 reapers
  A putrid mouth (Depths:3)
  4 vampire knights
  5 white draconians (Depths:4)
  A lorocyproca (Depths:4)
  A green draconian (Depths:4)
  5 black draconians (Depths:4)
  An entropy weaver (shapeshifter) (Depths:3)
  A red draconian (Depths:4)
  17 spark wasps
  A purple draconian (Depths:4)
  3 yellow draconians (Depths:4)
  2 entropy weavers (D:12)
  6 fire dragons
  3 blizzard demons
  2 quicksilver dragon zombies
  12 ettins
  Josephine (D:13)
  2 green deaths
  5 jiangshi
  3 vault guards (D:13)
  7 rakshasas
  A caustic shrike simulacrum (Abyss:3)
  4 hydras
  A spriggan zombie (Abyss:3)
  3 spriggan air magi (Depths:4)
  5 ice dragons
  2 boulder beetles
  3 ghost crabs (D:12)
  An ogre mage (D:15)
  A catoblepas (D:14)
  A hell beast (Hell)
  6 centaur warriors
  4 deep troll earth magi (Depths:3)
  7 two-headed ogres
  3 hell hogs (Depths:4)
  A thrashing horror (Abyss:3)
  An orc high priest (Bailey)
  5 vampire magi
  2 spriggan berserkers
  10 deep troll shamans
  Urug (D:10)
  9 soul eaters
  11 tengu warriors
  A wretched star (Abyss:3)
  13 hell knights
  7 sun demons
  6 skeletal warriors
  A sixfirhy (Pan)
  Amaemon (D:10)
  4 fire crabs (D:12)
  6 iron trolls
  A spatial maelstrom (Abyss:3)
  4 spark wasp zombies
  15 deep trolls
  4 glowing orange brains
  A shadow demon (Pan)
  13 starcursed masses (Abyss:3)
  A kraken simulacrum (Hell)
  A glowing orange brain (shapeshifter) (Depths:2)
  An anaconda zombie (Hell)
  2 phantasmal warriors (Depths:3)
  3 wizards
  An iron dragon zombie (Hell)
  2 wolf spiders (shapeshifter)
  3 necromancers
  Pikel (D:4)
  An orc knight (Bailey)
  3 deep elf pyromancers
  An anaconda skeleton (Hell)
  44 ugly things
  2 manticores
  An orc sorcerer (D:15)
  A stone giant zombie (Hell)
  A manticore (shapeshifter) (Depths:2)
  A fire giant zombie (Hell)
  2 frost giant zombies (Hell)
  An apocalypse crab (D:12)
  A frost giant skeleton (Depths:1)
  4 cyclopes
  2 ice statues (IceCv)
  3 orange demons
  2 smoke demons
  The ghost of diceflayer the Trooper, a novice DsFi (D:4)
  2 hellions
  2 unseen horrors
  3 tormentors (Depths:3)
  A kobold demonologist (Bailey)
  Psyche (D:10)
  4 efreet
  Maggie (D:9)
  A hellwing (Depths:2)
  9 ice devils
  A sea snake zombie (Hell)
  3 komodo dragons
  2 anaconda simulacra (IceCv)
  3 ancient zymes (Abyss:3)
  8 tengu conjurers
  A red devil (Hell)
  A hydra zombie (Hell)
  7 trolls
  A tengu simulacrum (Depths:1)
  A merfolk (shapeshifter) (Depths:2)
  3 meliai (D:12)
  A hydra skeleton (Hell)
  A polar bear (shapeshifter) (D:14)
  6 hornets
  10 raiju (Abyss:3)
  An alligator zombie (Hell)
  6 slime creatures
  4 spriggans
  6 water elementals
  13 wraiths
  4 yaks (D:9)
  3 wyverns
  9 humans
  4 chaos spawn
  A death yak simulacrum (IceCv)
  2 steam dragons (D:8)
  5 vampire mosquitoes
  8 large abominations
  7 small abominations (Abyss:3)
  Menkaure (D:4)
  2 glowing shapeshifter zombies (Hell)
  A spatial vortex (Abyss:3)
  3 acid dragons
  4 water moccasins
  Duvessa (D:7)
  2 hydra simulacra
  A floating eye (Depths:3)
  24 orc warriors
  A sky beast (D:6)
  2 ice beasts (D:8)
  4 ogres
  5 boggarts (D:15)
  15 centaurs
  2 phantoms
  2 kobold brigands
  A gnoll sergeant (D:8)
  2 bullfrogs
  A glowing shapeshifter simulacrum (Depths:1)
  4 two-headed ogre simulacra (IceCv)
  2 scorpions (D:5)
  3 wights (D:8)
  A hornet simulacrum (D:13)
  2 elephant simulacra (IceCv)
  Dowan (D:7)
  10 killer bees
  3 electric eels (Bailey)
  2 howler monkeys
  2 quasits (Abyss:3)
  4 hounds
  3 jellies
  4 gnoll boudas
  7 orc priests
  Natasha (thrice) (D:4)
  3 iguanas
  10 orc wizards
  3 troll simulacra (IceCv)
  A polar bear simulacrum (IceCv)
  2 wolf simulacra (IceCv)
  Robin (D:4)
  A mummy (D:10)
  9 adders
  30 gnolls
  3 naga simulacra (IceCv)
  2 shadow imps (D:6)
  3 white imps
  2 ufetubi
  A worm (D:3)
  4 dart slugs
  45 orcs
  8 bats
  6 endoplasms
  2 giant cockroaches
  28 goblins
  11 hobgoblins
  4 quokkas
  9 ball pythons
  4 frilled lizards
  16 kobolds
  6 rats
  2 fire vortices (Hell)
908 creatures vanquished.

Vanquished Creatures (collateral kills)
  A caustic shrike (Depths:1)
  A deep troll (Depths:1)
2 creatures vanquished.

Vanquished Creatures (others)
  2 sixfirhies (Pan)
  A ynoxinul (Pan)
  A small abomination (Abyss:3)
  A demonic plant (Abyss:3)
  5 plants
  2 starspawn tentacles (Abyss:3)
  14 tentacles (Hell)
26 creatures vanquished.

Grand Total: 936 creatures vanquished
